[Event "ICC tourney 2028 (45 10)"]
[Site "Internet Chess Club"]
[Date "2020.10.03"]
[Round "1"]
[White "tightfist"]
[Black "handsomematch"]
[Result "1/2-1/2"]
[ICCResult "Game drawn by mutual agreement"]
[WhiteElo "1556"]
[BlackElo "1235"]
[Opening "Dunst (Sleipner, Heinrichsen) opening"]
[ECO "A00"]
[NIC "VO.15"]
[Time "11:06:18"]
[TimeControl "2700+10"]

1. Nc3 Nf6 2. e4 g6 3. d4 Bg7 4. Nf3 d5 5. e5 Ne4 6. Bd3 Nxc3 7. bxc3 c5 8.
dxc5 Qa5 9. Bd2 Qxc5 10. O-O O-O 11. Qe2 Nc6 12. Be3 Qxc3 13. Bd2 Qc5 14. h3
Nd4 15. Nxd4 Qxd4 16. Rfe1 e6 17. Rab1 Qh4 18. Rb4 Qd8 19. Bc3 Qc7 20. Bd4
a5 21. Rb5 Bd7 22. Rc5 Qd8 23. Rb1 Bc6 24. f4 Rc8 25. Qd2 b6 26. Rc3 Qd7 27.
Rxb6 Rc7 28. Rc5 a4 29. Qb4 Rfc8 30. Qc3 Bb7 31. Rxb7 Rxc5 32. Rxd7 Rxc3 33.
Bxc3 Rxc3 34. Rd8+ Bf8 35. Rb8 Kg7 36. Kf1 Ba3 37. Ra8 Bb2 38. Rxa4 Bc1 39.
Ke2 Kh6 40. Kd1 Be3 41. g4 g5 42. f5 exf5 43. Ra6+ Kg7 44. Bxf5 Bf4 45. e6
fxe6 46. Bxe6 Rxh3 47. Bxd5 Rg3 48. Be6 Rg1+ 49. Ke2 Rg2+ 50. Kd3 Rg3+ 51.
Ke4 Re3+ 52. Kd4 Re2 53. Bf5 Rd2+ 54. Kc3 Rf2 55. Ra7+ Kf6 56. Rxh7 Rf3+ 57.
Kc4 Ra3 58. Rh6+ Kg7 59. Rg6+ Kf7 60. Rc6 Rxa2 61. Kb3 Ra7 62. c4 Rb7+ 63.
Kc2 Ke7 64. Kd3 Rb3+ 65. Ke4 Re3+ 66. Kd4 Re1 67. c5 Rd1+ 68. Ke4 Re1+ 69.
Kd5 Rd1+ 70. Kc4 Rc1+ 71. Kd3 Rd1+ 72. Ke2 Rd2+ 73. Ke1 Rc2 74. Re6+ Kf7 75.
Bxc2 Kxe6 76. Ba4 Ke7 77. c6 Kd8 78. Ke2 Kc7 79. Kd3 Bc1 80. Ke4 Bd2 81. Kf5
Bf4 82. Ke6 Be3 83. Kd5 Bd2 84. Bc2 Bb4 85. Bf5 Bd2 86. Bd7 Bf4 87. Ke4 Bc1
88. Kf5 Bf4 89. Ke4 Bd2 90. Kf5 Bc1 91. Ke4 Ba3 92. Kf5 Bc1 93. Ke4
{Game drawn by mutual agreement}
1/2-1/2

[Event "ICC tourney 2028 (45 10)"]
[Site "Internet Chess Club"]
[Date "2020.10.03"]
[Round "2"]
[White "andrewj508"]
[Black "NeuralNetworkQS"]
[Result "1-0"]
[ICCResult "Black checkmated"]
[WhiteElo "1201"]
[BlackElo "889"]
[Opening "Scotch: Paulsen attack"]
[ECO "C45"]
[NIC "SO.05"]
[Time "13:31:32"]
[TimeControl "2700+10"]

1. e4 e5 2. Nf3 Nc6 3. d4 exd4 4. Nxd4 Bc5 5. Be3 Qf6 6. c3 Nge7 7. Bb5 O-O
8. O-O a6 9. Nxc6 Nxc6 10. Bxc5 axb5 11. Bxf8 Kxf8 12. Nd2 d6 13. Re1 Qg6
14. Qf3 Ne5 15. Qg3 Qh6 16. Nb3 Nc4 17. Nd4 Nxb2 18. Rab1 Qd2 19. Re2 Qxc3
20. Qxc3 Nc4 21. Nxb5 Ne5 22. Qxc7 Be6 23. Qxd6+ Kg8 24. Qxe5 Bxa2 25. Ra1
Rd8 26. Rexa2 f6 27. Qe6+ Kh8 28. Ra8 h6 29. Rxd8+ Kh7 30. Qg8+ Kg6 31. Ra3
b6 32. Rg3+ Kh5 33. Rd5+ g5 34. Qf7+ Kh4 35. Rh3+ Kg4 36. Qh5+ Kf4 37. Qf3#
{Black checkmated}
1-0

[Event "ICC tourney 2028 (45 10)"]
[Site "Internet Chess Club"]
[Date "2020.10.03"]
[Round "2"]
[White "JacobRandom"]
[Black "miyzhang"]
[Result "0-1"]
[ICCResult "White resigns"]
[WhiteElo "1179"]
[BlackElo "1300"]
[Opening "Giuoco Pianissimo"]
[ECO "C50"]
[NIC "IG.02"]
[Time "13:31:33"]
[TimeControl "2700+10"]

1. e4 e5 2. Nf3 Nc6 3. Bc4 Bc5 4. d3 d6 5. h3 Nf6 6. Bg5 h6 7. Bh4 Bd7 8.
Nc3 g5 9. Nxg5 hxg5 10. Bxg5 Be6 11. Qd2 Qe7 12. a3 Nd4 13. Bxe6 Qxe6 14.
Bxf6 Qxf6 15. Nd5 Qd8 16. c3 Nb3 17. Qd1 Nxa1 18. Qxa1 c6 19. Nb4
{White resigns}
0-1

[Event "ICC tourney 2028 (45 10)"]
[Site "Internet Chess Club"]
[Date "2020.10.03"]
[Round "2"]
[White "Beast908"]
[Black "johnzabraham"]
[Result "0-1"]
[ICCResult "White resigns"]
[WhiteElo "1374"]
[BlackElo "1005"]
[Opening "French: Tarrasch, open variation"]
[ECO "C07"]
[NIC "FR.18"]
[Time "13:31:35"]
[TimeControl "2700+10"]

1. e4 e6 2. d4 d5 3. Nd2 c5 4. c3 Nc6 5. Ngf3 Qb6 6. exd5 exd5 7. Nb3 c4 8.
Nbd2 Nf6 9. Be2 Bd6 10. O-O O-O 11. Re1 Re8 12. Nf1 Bg4 13. h3 Bh5 14. Be3
Qxb2 15. Qc1 Qb6 16. Rb1 Qc7 17. Nh4 Bxe2 18. Rxe2 Ne4 19. Nf5 Bf8 20. Bf4
Qd7 21. N5e3 b6 22. Rb5 Nxd4 {White resigns} 0-1

[Event "ICC tourney 2028 (45 10)"]
[Site "Internet Chess Club"]
[Date "2020.10.03"]
[Round "2"]
[White "RaymondJiang1"]
[Black "srinandasai12"]
[Result "1-0"]
[ICCResult "Black resigns"]
[WhiteElo "1480"]
[BlackElo "1228"]
[Opening "Sicilian: dragon, Yugoslav attack, 9.Bc4"]
[ECO "B77"]
[NIC "SI.18"]
[Time "13:31:37"]
[TimeControl "2700+10"]

1. e4 c5 2. Nf3 d6 3. d4 cxd4 4. Nxd4 Nf6 5. Nc3 g6 6. Be3 Bg7 7. f3 O-O 8.
Qd2 Nc6 9. Bc4 Nxd4 10. Bxd4 Qc7 11. Bb3 Bd7 12. O-O-O a5 13. Bxf6 Bxf6 14.
Nd5 Qc5 15. Nxf6+ exf6 16. Qxd6 Qe3+ 17. Qd2 Qxd2+ 18. Rxd2 Bc6 19. Bd5 Rac8
20. c4 Rc7 21. b3 Rfc8 22. Rhd1 Rd7 23. Bxc6 Rxd2 24. Rxd2 bxc6 25. Rd7 Kf8
26. Ra7 Ke8 27. Rxa5 Ke7 28. Ra7+ Ke6 29. f4 f5 30. e5 h6 31. h4 h5 32. Kd2
f6 33. Rg7 Ra8 34. a4 Rd8+ 35. Kc2 Rd4 36. Rxg6 Rxf4 37. Rxf6+ Kxe5 38. Rxc6
Rxh4 39. Rg6 Rg4 40. Rxg4 fxg4 41. a5 Kd6 42. Kd3 Kc5 43. Ke4 h4 44. Kf4 h3
45. gxh3 gxh3 46. Kg3 Kb4 47. a6 {Black resigns} 1-0

[Event "ICC tourney 2028 (45 10)"]
[Site "Internet Chess Club"]
[Date "2020.10.03"]
[Round "2"]
[White "wildrumpus"]
[Black "AngelaIL203"]
[Result "1-0"]
[ICCResult "Black checkmated"]
[WhiteElo "1483"]
[BlackElo "1071"]
[Opening "Queen's pawn"]
[ECO "A40"]
[NIC "QO.17"]
[Time "13:31:37"]
[TimeControl "2700+10"]

1. d4 e6 2. e3 d5 3. Bd3 c5 4. c3 Nf6 5. Nd2 Be7 6. f4 Nc6 7. Ngf3 Bd7 8.
O-O O-O 9. Ne5 h6 10. Qf3 c4 11. Bc2 b5 12. g4 b4 13. g5 Ne4 14. Nxe4 dxe4
15. Qxe4 f5 16. gxf6 Rxf6 17. Qh7+ Kf8 18. Qh8# {Black checkmated} 1-0

[Event "ICC tourney 2028 (45 10)"]
[Site "Internet Chess Club"]
[Date "2020.10.03"]
[Round "2"]
[White "jeffreyt1"]
[Black "Nedas15"]
[Result "1-0"]
[ICCResult "Black checkmated"]
[WhiteElo "1210"]
[BlackElo "357"]
[Opening "Ruy Lopez: open, 7.Bb3"]
[ECO "C80"]
[NIC "RL.09"]
[Time "13:33:02"]
[TimeControl "2700+10"]

1. e4 e5 2. Nf3 Nc6 3. Bb5 a6 4. Ba4 b5 5. Bb3 Nf6 6. O-O Nxe4 7. d4 exd4 8.
Re1 d5 9. Nxd4 Bb7 10. f3 Bc5 11. fxe4 Bxd4+ 12. Kh1 O-O 13. Bxd5 Bf2 14.
Rf1 Bh4 15. Bf4 Nb4 16. Bxb7 Rb8 17. Bd5 Nxd5 18. Qxd5 Qf6 19. Nc3 Rfd8 20.
Qe5 Rd6 21. Qxf6 Rxf6 22. Bxc7 Rc8 23. Be5 Rh6 24. Rad1 Rc5 25. Bf4 Rhh5 26.
g3 g5 27. Bd6 Bxg3 28. Bxg3 b4 29. Rd8+ Kg7 30. Nd5 Rxc2 31. Be5+ Kh6 32.
Rf6+ Kg7 33. Rc6+ f6 34. Bxf6+ Kf7 35. Rxc2 Kg6 36. Rc7 Kh6 37. Bg7+ Kg6 38.
Rd6# {Black checkmated} 1-0

[Event "ICC tourney 2028 (45 10)"]
[Site "Internet Chess Club"]
[Date "2020.10.03"]
[Round "2"]
[White "virajphadke"]
[Black "ElijahL2020"]
[Result "1-0"]
[ICCResult "Black checkmated"]
[WhiteElo "1605"]
[BlackElo "1181"]
[Opening "Queen's pawn, Mason variation"]
[ECO "D00"]
[NIC "QP.08"]
[Time "13:32:23"]
[TimeControl "2700+10"]

1. d4 d5 2. Bf4 Nc6 3. e3 Bf5 4. c3 e6 5. Nd2 Nf6 6. Ngf3 Bd6 7. Ne5 Bxe5 8.
dxe5 Ne4 9. Be2 Nxd2 10. Qxd2 O-O 11. h4 h6 12. g4 Bh7 13. g5 hxg5 14. hxg5
g6 15. O-O-O Re8 16. Bd3 Kg7 17. Rh6 Rh8 18. Rdh1 Qd7 19. f3 Qd8 20. Qh2 Qg8
21. Qc2 Qe8 22. Qh2 Qg8 23. Bg3 Rd8 24. Bf2 a6 25. Qf4 Kf8 26. Bxg6 Bxg6 27.
Rxh8 Qxh8 28. Rxh8+ Ke7 29. Qf6+ Kd7 30. Rxd8+ Nxd8 31. Qf4 Kc8 32. e4 dxe4
33. fxe4 Nc6 34. a3 Kd8 35. Bd4 Nxd4 36. cxd4 Ke8 37. Kd2 Ke7 38. Ke3 b6 39.
d5 exd5 40. exd5 Kd7 41. e6+ fxe6 42. dxe6+ Kxe6 43. Qf6+ Kd5 44. Qxg6 Ke5
45. Qe4+ Kd6 46. Kd4 Kd7 47. g6 Kc8 48. g7 Kb8 49. g8=Q+ Ka7 50. Qga8#
{Black checkmated}
1-0

[Event "ICC tourney 2028 (45 10)"]
[Site "Internet Chess Club"]
[Date "2020.10.03"]
[Round "2"]
[White "javasri"]
[Black "agrimjax1"]
[Result "1-0"]
[ICCResult "Black checkmated"]
[WhiteElo "458"]
[BlackElo "1442"]
[Opening "Ruy Lopez: exchange variation, 5.O-O"]
[ECO "C68"]
[NIC "RL.08"]
[Time "13:31:38"]
[TimeControl "2700+10"]

1. e4 e5 2. Nf3 Nc6 3. Bb5 a6 4. Bxc6 dxc6 5. O-O Bd6 6. d4 Bg4 7. dxe5 Bxf3
8. Qxf3 Bxe5 9. Rd1 Qe7 10. Qb3 Rb8 11. Be3 Qf6 12. Nd2 b6 13. Nc4 Ne7 14.
Nxe5 Qxe5 15. f3 O-O 16. Rd7 Nd5 17. exd5 c5 18. Bf2 Rb7 19. Re1 Qf5 20.
Ree7 Qg5 21. Qe3 Qg6 22. Qe4 Qf6 23. d6 Rbb8 24. dxc7 Rbc8 25. c3 Qh6 26.
Rd8 f5 27. Ree8 Qc1+ 28. Be1 fxe4 29. Rxf8# {Black checkmated} 1-0

[Event "ICC tourney 2028 (45 10)"]
[Site "Internet Chess Club"]
[Date "2020.10.03"]
[Round "2"]
[White "devmadhavan"]
[Black "tightfist"]
[Result "0-1"]
[ICCResult "White checkmated"]
[WhiteElo "1211"]
[BlackElo "1568"]
[Opening "Queen's pawn game"]
[ECO "A45"]
[NIC "QP.07"]
[Time "13:32:23"]
[TimeControl "2700+10"]

1. d4 Nf6 2. Nc3 e6 3. e4 Bb4 4. Bd3 Bxc3+ 5. bxc3 d6 6. Nf3 h6 7. Be3 a6 8.
h3 Nbd7 9. c4 e5 10. c3 b6 11. Qb3 Bb7 12. d5 Rb8 13. a4 O-O 14. O-O Nc5 15.
Bxc5 bxc5 16. Qc2 Qd7 17. Rab1 Nh5 18. Kh1 Nf4 19. Kg1 Nxd3 20. Qxd3 Qxa4
21. Ra1 Qd7 22. Rfb1 f5 23. Nh4 fxe4 24. Qxe4 Rf4 25. Qg6 Rxh4 26. Qe6+ Qxe6
27. dxe6 Rxc4 28. Rxa6 Rxc3 29. Ra7 Kf8 30. Raxb7 Rc1+ 31. Rxc1 Rxb7 32. f4
Rb4 33. fxe5 Ke7 34. exd6+ cxd6 35. Re1 Rf4 36. g3 Rf6 37. Kg2 Rxe6 38.
Rxe6+ Kxe6 39. Kf3 Ke5 40. Ke3 c4 41. g4 d5 42. h4 d4+ 43. Kf3 d3 44. Ke3 g6
45. g5 h5 46. Kd2 Kd4 47. Kc1 c3 48. Kd1 Ke3 49. Ke1 c2 50. Kf1 c1=Q+ 51.
Kg2 Qd2+ 52. Kg3 Qf2+ 53. Kh3 Qf3+ 54. Kh2 d2 55. Kg1 Qf2+ 56. Kh1 d1=Q#
{White checkmated}
0-1

[Event "ICC tourney 2028 (45 10)"]
[Site "Internet Chess Club"]
[Date "2020.10.03"]
[Round "2"]
[White "jxfan1"]
[Black "BobbyFissure"]
[Result "1-0"]
[ICCResult "Black resigns"]
[WhiteElo "1298"]
[BlackElo "1450"]
[Opening "Alekhine's defense: modern, fianchetto variation"]
[ECO "B03"]
[NIC "AL.04"]
[Time "13:31:36"]
[TimeControl "2700+10"]

1. e4 Nf6 2. e5 Nd5 3. d4 g6 4. Nf3 d6 5. Bc4 Nb6 6. Bb3 d5 7. Nc3 Bg7 8.
Be3 Bg4 9. h3 Bxf3 10. Qxf3 e6 11. g4 a5 12. a4 Nc6 13. Qg3 Nb4 14. O-O-O
Rc8 15. f4 Qd7 16. Rhf1 Bf8 17. Rf2 c5 18. dxc5 Bxc5 19. Bxc5 Rxc5 20. Rdf1
Nc6 21. f5 d4 22. Ne4 Rxe5 23. Nf6+ Ke7 24. Nxd7 Nxd7 25. fxe6 fxe6 26. Rf7+
Kd6 27. Rd1 Nc5 28. Qf4 Nxb3+ 29. cxb3 Rc8 30. Kb1 Kc5 31. Rc1+ Kb6 32.
Rxc6+ Rxc6 33. Qxe5 d3 34. Qb5+ {Black resigns} 1-0

[Event "ICC tourney 2028 (45 10)"]
[Site "Internet Chess Club"]
[Date "2020.10.03"]
[Round "2"]
[White "dangdang2000"]
[Black "chaselea"]
[Result "1-0"]
[ICCResult "Black resigns"]
[WhiteElo "1194"]
[BlackElo "672"]
[Opening "King's pawn game"]
[ECO "C50"]
[NIC "IG.03"]
[Time "13:31:43"]
[TimeControl "2700+10"]

1. e4 e5 2. Nf3 Nc6 3. Bc4 d6 4. d4 Be7 5. dxe5 Nxe5 6. Nxe5 dxe5 7. Qh5 g6
8. Qxe5 Nf6 9. Bg5 Qd6 10. Bxf6 Qxf6 11. Qxf6 Bxf6 12. Nc3 Bg4 13. f3 Be6
14. Bxe6 fxe6 15. O-O O-O-O 16. f4 Bd4+ 17. Kh1 Bxc3 18. bxc3 Rd2 19. Rac1
Rf8 20. g3 h6 21. Rfd1 Rfd8 22. Rxd2 Rxd2 23. Kg1 b6 24. h3 Kd7 25. h4 c5
26. Kf1 Ke7 27. a4 Kf6 28. g4 g5 29. e5+ Kg6 30. h5+ Kf7 31. fxg5 hxg5 32.
Kg1 Re2 33. Rf1+ Ke7 34. h6 Re3 35. Kg2 Re2+ 36. Rf2 Rxf2+ 37. Kxf2 Kf7 38.
Ke3 Kg6 39. Ke4 Kxh6 40. c4 Kg6 41. Kd3 Kf7 42. Ke4 Ke7 43. Kd3 Kd7 44. Kc3
Kc6 45. Kb3 a6 46. Kc3 b5 47. cxb5+ axb5 48. axb5+ Kxb5 49. Kd3 Kb4 50. Kd2
Kc4 51. c3 Kd5 52. Kd3 Kxe5 53. Ke3 c4 54. Kf3 Kd5 55. Ke3 e5 56. Kf3 e4+
57. Kf2 Ke5 58. Ke3 Kd5 59. Ke2 Kc5 60. Ke3 Kd5 61. Ke2 Kc5 62. Ke3 Kb5 63.
Kxe4 Ka4 64. Kd5 Kb3 65. Kd4 Kc2 66. Kxc4 Kd2 67. Kd4 {Black resigns} 1-0

[Event "ICC tourney 2028 (45 10)"]
[Site "Internet Chess Club"]
[Date "2020.10.03"]
[Round "2"]
[White "lerui"]
[Black "VirginiaGuy"]
[Result "1/2-1/2"]
[ICCResult "Game drawn by repetition"]
[WhiteElo "1086"]
[BlackElo "1364"]
[Opening "French: exchange variation"]
[ECO "C01"]
[NIC "FR.01"]
[Time "13:31:35"]
[TimeControl "2700+10"]

1. e4 e6 2. d4 d5 3. exd5 exd5 4. Bd3 Nf6 5. Bf4 Bd6 6. Bxd6 Qxd6 7. Nf3 O-O
8. O-O Nc6 9. Nbd2 Bg4 10. c3 Rfe8 11. h3 Bh5 12. Qc2 Bg6 13. Bxg6 hxg6 14.
Rfe1 Rxe1+ 15. Rxe1 Re8 16. Rxe8+ Nxe8 17. Nb3 b6 18. Qe2 Nf6 19. Ne5 Kf8
20. Nxc6 Qxc6 21. Qa6 Qa8 22. Nd2 Kg8 23. Nf3 Kf8 24. Qa3+ Kg8 25. Qe7 Qe8
26. Qxc7 Qe2 27. Ne5 Qe1+ 28. Kh2 Qxf2 29. Qxf7+ Kh7 30. Qxg6+ Kg8 31. Qf7+
Kh7 32. Qg6+ Kg8 33. Nf7 Qf4+ 34. Kg1 Qe3+ 35. Kh1 Qc1+ 36. Kh2 Qf4+ 37. Kg1
Qe3+ 38. Kh1 Qc1+ 39. Kh2 Qf4+ 40. Kg1 Qe3+ 41. Kh1 Qc1+ 42. Kh2 Qf4+
{Game drawn by repetition}
1/2-1/2

[Event "ICC tourney 2028 (45 10)"]
[Site "Internet Chess Club"]
[Date "2020.10.03"]
[Round "2"]
[White "Kfprasanna"]
[Black "aakashjr"]
[Result "0-1"]
[ICCResult "White checkmated"]
[WhiteElo "1360"]
[BlackElo "1518"]
[Opening "Scandinavian defense"]
[ECO "B01"]
[NIC "SD.03"]
[Time "13:31:30"]
[TimeControl "2700+10"]

1. e4 d5 2. exd5 Nf6 3. Nc3 Nxd5 4. Nxd5 Qxd5 5. d4 Nc6 6. c3 Bf5 7. Nf3
O-O-O 8. Be3 e6 9. Qa4 Be7 10. Bc4 Qd7 11. O-O-O Be4 12. Bb5 f6 13. Nd2 Bg6
14. Nc4 Qd5 15. Bf4 Qe4 16. Be3 Ne5 17. dxe5 Qb1# {White checkmated} 0-1

[Event "ICC tourney 2028 (45 10)"]
[Site "Internet Chess Club"]
[Date "2020.10.03"]
[Round "2"]
[White "cozyblanket"]
[Black "UltimateDL"]
[Result "0-1"]
[ICCResult "White checkmated"]
[WhiteElo "1254"]
[BlackElo "1492"]
[Opening "Sicilian: accelerated fianchetto, Maróczy bind, 6.Be3"]
[ECO "B38"]
[NIC "SI.33"]
[Time "13:31:53"]
[TimeControl "2700+10"]

1. e4 c5 2. Nf3 Nc6 3. d4 cxd4 4. Nxd4 g6 5. c4 Bg7 6. Be3 Nf6 7. Nc3 O-O 8.
Be2 b6 9. f3 Bb7 10. Qd2 Nxd4 11. Bxd4 e6 12. O-O-O Bc6 13. Kb1 Ne8 14. Bxg7
Kxg7 15. Nb5 Bxb5 16. cxb5 Nf6 17. e5 Nd5 18. Bc4 d6 19. Bxd5 exd5 20. Qxd5
dxe5 21. Qxe5+ Qf6 22. Qxf6+ Kxf6 23. Rd7 Rfd8 24. Rhd1 Rxd7 25. Rxd7 Ke6
26. Rc7 Rd8 27. Kc2 Rd7 28. Rxd7 Kxd7 29. Kc3 f5 30. Kc4 Kd6 31. b4 g5 32.
a4 h5 33. Kd4 Ke6 34. h3 h4 35. Ke3 Ke5 36. a5 Kd5 37. f4 g4 38. hxg4 fxg4
39. f5 Ke5 40. f6 Kxf6 41. Kf4 h3 42. gxh3 gxh3 43. Kg3 Ke5 44. Kxh3 Kd4 45.
Kg3 Kc4 46. axb6 axb6 47. Kf4 Kxb5 48. Ke3 Kxb4 49. Kd2 Ka3 50. Kc2 b5 51.
Kb1 Kb3 52. Ka1 Ka3 53. Kb1 b4 54. Ka1 b3 55. Kb1 b2 56. Kc2 Ka2 57. Kc3
b1=Q 58. Kc4 Qe4+ 59. Kc5 Qd3 60. Kb6 Qd5 61. Kc7 Qe6 62. Kb7 Kb3 63. Kc7
Kc4 64. Kb7 Qd6 65. Kc8 Qe7 66. Kb8 Kb5 67. Ka8 Kb6 68. Kb8 Qb7#
{White checkmated}
0-1

[Event "ICC tourney 2028 (45 10)"]
[Site "Internet Chess Club"]
[Date "2020.10.03"]
[Round "2"]
[White "jason54312"]
[Black "AJRChess2011"]
[Result "0-1"]
[ICCResult "White resigns"]
[WhiteElo "1396"]
[BlackElo "1293"]
[Opening "Sicilian: accelerated fianchetto, modern variation with Bc4"]
[ECO "B35"]
[NIC "SI.34"]
[Time "13:31:37"]
[TimeControl "2700+10"]

1. e4 c5 2. Nf3 Nc6 3. d4 cxd4 4. Nxd4 Nf6 5. Nc3 g6 6. Be3 Bg7 7. Bc4 O-O
8. f3 Qb6 9. Bb3 Nxe4 10. fxe4 Bxd4 11. Bxd4 Qxd4 12. Qe2 d6 13. Rd1 Qf6 14.
Rf1 Qh4+ 15. g3 Qg5 16. Rf4 Ne5 17. Qf2 Bg4 18. h4 Qh5 19. Rd5 e6 20. Rxd6
g5 21. hxg5 Rad8 22. Rxd8 Rxd8 23. Rf6 Qh1+ 24. Qf1 Nf3+ 25. Kf2 Qh2+ 26.
Qg2 Rd2+ 27. Ne2 Rxe2+ 28. Kxe2 Qxg2+ {White resigns} 0-1

[Event "ICC tourney 2028 (45 10)"]
[Site "Internet Chess Club"]
[Date "2020.10.03"]
[Round "2"]
[White "SunnyDays0"]
[Black "mehtaaditya"]
[Result "1-0"]
[ICCResult "Black checkmated"]
[WhiteElo "1191"]
[BlackElo "1535"]
[Opening "Queen's pawn, Mason variation"]
[ECO "D00"]
[NIC "QP.08"]
[Time "13:31:36"]
[TimeControl "2700+10"]

1. d4 d5 2. Bf4 Nf6 3. e3 Bf5 4. Nf3 e6 5. Bd3 Bg6 6. Ne5 Nbd7 7. Nxg6 hxg6
8. Nd2 Nb6 9. O-O Bd6 10. Nf3 Bxf4 11. exf4 Qd6 12. Ne5 Nbd7 13. Re1 Qe7 14.
Bxg6 Nxe5 15. fxe5 fxg6 16. exf6 gxf6 17. Qg4 Kf7 18. Re3 f5 19. Qg3 Qd6 20.
Qxd6 cxd6 21. Rae1 Rae8 22. Ra3 a6 23. Ree3 Rh4 24. Rad3 Rc8 25. c3 Re4 26.
g3 b5 27. f3 Rxe3 28. Rxe3 Kf6 29. Kg2 b4 30. h4 bxc3 31. Rxc3 Rxc3 32. bxc3
e5 33. g4 f4 34. Kf2 e4 35. fxe4 dxe4 36. c4 Ke6 37. a4 e3+ 38. Kf3 a5 39.
h5 gxh5 40. gxh5 Kf6 41. c5 Kg5 42. c6 e2 43. Kxe2 Kg4 44. c7 Kg3 45. c8=Q
f3+ 46. Kf1 d5 47. Qg8+ Kf4 48. Qxd5 Ke3 49. Qxa5 f2 50. Qe1+ Kd3 51. Qxf2
Ke4 52. Qf6 Kd3 53. Qe5 Kc3 54. d5+ Kc4 55. d6 Kb3 56. Qc5 Ka2 57. Qb5 Ka3
58. Ke2 Ka2 59. Kd2 Ka3 60. Kc2 Ka2 61. Qb2# {Black checkmated} 1-0

[Event "ICC tourney 2028 (45 10)"]
[Site "Internet Chess Club"]
[Date "2020.10.03"]
[Round "2"]
[White "chestnut01"]
[Black "Florina12345"]
[Result "1-0"]
[ICCResult "Black resigns"]
[WhiteElo "1158"]
[BlackElo "1318"]
[Opening "Scotch game"]
[ECO "C45"]
[NIC "SO.05"]
[Time "13:31:33"]
[TimeControl "2700+10"]

1. e4 e5 2. Nf3 Nc6 3. d4 exd4 4. Nxd4 Bc5 5. Nxc6 Qf6 6. Qf3 Qxf3 7. gxf3
d6 8. Na5 Bb4+ 9. Bd2 Bxa5 10. Bxa5 b6 11. Bc3 Nf6 12. Bb5+ Ke7 13. Rg1 g6
14. Bc6 Rb8 15. Bxf6+ Kxf6 16. f4 Bb7 17. Bxb7 Rxb7 18. Nc3 c6 19. O-O-O Ke6
20. Rge1 b5 21. b4 Ra8 22. a3 a5 23. bxa5 Rxa5 24. Nb1 b4 25. axb4 Rxb4 26.
Nc3 Ra3 27. Rd3 f5 28. e5 d5 29. Kd2 Rxf4 30. Ke2 Kxe5 31. Kf1+ Kd6 32. Nxd5
Rxd3 33. Nxf4 Rc3 34. Rd1+ Ke5 35. Nd3+ Ke4 36. Rd2 Kf3 37. Ne1+ Kg4 38. Rd3
Rc4 39. Ng2 Kh5 40. Rh3+ Kg5 41. Ne3 Rh4 42. Rxh4 Kxh4 43. Kg2 f4 44. Nc4 c5
45. Ne5 g5 46. f3 Kh5 47. Kh3 Kh6 48. c4 Kh5 49. Nd3 Kg6 50. Nxc5 h5 51. Ne4
Kf5 52. c5 g4+ 53. Kg2 h4 54. h3 g3 55. c6 Ke6 56. c7 Kd7 57. Ng5 Kxc7 58.
Ne6+ Kd6 59. Nxf4 Ke5 60. Ng6+ Kf5 61. Nxh4+ Kf4 62. Ng6+ Kg5 63. Ne5 Kf4
64. Nd7 Kg5 65. Kxg3 {Black resigns} 1-0

[Event "ICC tourney 2028 (45 10)"]
[Site "Internet Chess Club"]
[Date "2020.10.03"]
[Round "2"]
[White "oxdidi"]
[Black "kevin2010"]
[Result "1-0"]
[ICCResult "Black forfeits on time"]
[WhiteElo "1108"]
[BlackElo "1190"]
[Opening "Sicilian defense"]
[ECO "B40"]
[NIC "SI.43"]
[Time "13:31:39"]
[TimeControl "2700+10"]

1. e4 c5 2. Nf3 e6 3. Bc4 Qc7 4. O-O Nf6 5. Nc3 Be7 6. Re1 Nc6 7. e5 Ng4 8.
d3 Ngxe5 9. Nxe5 Nxe5 10. Bf4 Bd6 11. Nb5 Qb8 12. Nxd6+ Qxd6 13. Bxe5 Qe7
14. Bxg7 Rg8 15. Be5 d6 16. Bg3 b6 17. Qf3 Bb7 18. Bb5+ Kd8 19. Qf4 a6 20.
Ba4 b5 21. Bb3 Rc8 22. Bh4 Rxg2+ 23. Kf1 Rg6 24. Bxe7+ Kxe7 25. Qh4+ Rf6 26.
Qxh7 Rg6 27. Re3 Rcg8 28. Rae1 Rg1+ 29. Ke2 R1g7 30. Qh4+ Kd7 31. a4 Rg4 32.
Qh7 R4g7 33. Qh6 Rg6 34. Qh3 Bg2 35. Qh4 Rg4 36. Qf6 R4g6 37. Qxf7+ Kd8 38.
Bxe6 R6g7 39. Qf6+ Ke8 40. Bxg8+ Kd7 41. Qxg7+ {Black forfeits on time} 1-0

[Event "ICC tourney 2028 (45 10)"]
[Site "Internet Chess Club"]
[Date "2020.10.03"]
[Round "2"]
[White "AAlderete"]
[Black "RockyWang"]
[Result "0-1"]
[ICCResult "White checkmated"]
[WhiteElo "100"]
[BlackElo "728"]
[Opening "Queen's gambit accepted"]
[ECO "D20"]
[NIC "QG.03"]
[Time "13:31:37"]
[TimeControl "2700+10"]

1. d4 d5 2. c4 dxc4 3. Nc3 a6 4. Nf3 Nf6 5. e3 b5 6. Be2 e6 7. O-O Bb4 8.
Bd2 O-O 9. Ne5 Bb7 10. b3 Bxc3 11. Bxc3 cxb3 12. axb3 Nbd7 13. Bb4 Re8 14.
Qc2 Nxe5 15. dxe5 Nd5 16. Ba3 Qg5 17. Qe4 Rab8 18. Bd3 f5 19. Qf3 Nxe3 20.
Qg3 Qxg3 21. hxg3 Nxf1 22. Rxf1 Rbd8 23. Be2 Rd2 24. Bf3 Bxf3 25. gxf3 Rd3
26. Kg2 Rxb3 27. Bc5 a5 28. Rd1 Rc3 29. Be3 b4 30. Rd7 b3 31. Bg5 b2 32. Bf6
gxf6 33. exf6 Rf8 34. Rg7+ Kh8 35. Rd7 b1=Q 36. f7 Qb7 37. Re7 Qxf3+ 38. Kh2
Rc1 39. Re8 Rh1# {White checkmated} 0-1

[Event "ICC tourney 2028 (45 10)"]
[Site "Internet Chess Club"]
[Date "2020.10.03"]
[Round "2"]
[White "handsomematch"]
[Black "Dhruti813kob36"]
[Result "0-1"]
[ICCResult "White resigns"]
[WhiteElo "1217"]
[BlackElo "1437"]
[Opening "Ruy Lopez: closed (10...c5)"]
[ECO "C96"]
[NIC "RL.23"]
[Time "13:32:23"]
[TimeControl "2700+10"]

1. e4 e5 2. Nf3 Nc6 3. Bb5 a6 4. Ba4 Nf6 5. O-O Be7 6. Re1 b5 7. Bb3 O-O 8.
c3 d6 9. h3 Na5 10. Bc2 c5 11. d4 Bb7 12. d5 Nc4 13. b3 Nb6 14. Be3 h6 15.
Nbd2 Nh7 16. Nf1 Ng5 17. Ng3 Bc8 18. Nxg5 Bxg5 19. Qd2 Bxe3 20. Qxe3 Qf6 21.
Rad1 Bd7 22. Rf1 Qe7 23. f4 exf4 24. Rxf4 f5 25. Re1 Rae8 26. Qd3 Qg5 27.
Qf3 Nxd5 28. exd5 Rxe1+ 29. Kh2 Re5 30. Ne4 Qg6 31. Ng3 Qf7 32. c4 b4 33.
Nf1 Kh8 34. g4 g5 35. Rxf5 Bxf5 36. Bxf5 Rfe8 37. Ng3 Re3 38. Qg2 Qe7 39.
Be6 Qf6 40. Nf5 Qe5+ 41. Kg1 Re1+ 42. Kf2 Re2+ {White resigns} 0-1

[Event "ICC tourney 2028 (45 10)"]
[Site "Internet Chess Club"]
[Date "2020.10.03"]
[Round "2"]
[White "Abhinac123"]
[Black "FlowingMelody"]
[Result "1-0"]
[ICCResult "Black checkmated"]
[WhiteElo "1466"]
[BlackElo "1316"]
[Opening "Queen's gambit declined"]
[ECO "D30"]
[NIC "QP.08"]
[Time "13:31:29"]
[TimeControl "2700+10"]

1. d4 d5 2. c4 e6 3. Nf3 Be7 4. e3 Nf6 5. Nc3 O-O 6. Bd3 dxc4 7. Bxc4 b6 8.
O-O Bb7 9. Re1 c5 10. e4 cxd4 11. Qxd4 Qxd4 12. Nxd4 Rd8 13. Nb3 Nc6 14. Bf4
Nd7 15. Rad1 Nc5 16. f3 Nxb3 17. Bxb3 Bc5+ 18. Be3 Bxe3+ 19. Rxe3 Rxd1+ 20.
Nxd1 Rd8 21. Kf2 Nd4 22. Ke1 Nxb3 23. Rxb3 Bc6 24. Nc3 f6 25. Ke2 Kf7 26.
Ke3 e5 27. Nb5 Bxb5 28. Rxb5 Rd1 29. Rd5 Rxd5 30. exd5 f5 31. g4 fxg4 32.
fxg4 Ke7 33. h4 a6 34. g5 a5 35. h5 b5 36. b3 b4 37. Kd3 h6 38. Ke4 Kd6 39.
g6 Kd7 40. Kxe5 Ke7 41. d6+ Kd7 42. Kd5 Kd8 43. Ke6 Ke8 44. d7+ Kd8 45. Kf7
Kxd7 46. Kxg7 Ke7 47. Kxh6 Kf8 48. Kg5 Kg8 49. h6 Kh8 50. Kf6 Kg8 51. h7+
Kh8 52. g7+ Kxh7 53. Kf7 Kh6 54. g8=Q Kh5 55. Kf6 Kh4 56. Kf5 Kh3 57. Kf4
Kh2 58. Kf3 Kh1 59. Qg2# {Black checkmated} 1-0